 Dungeon Crawl Stone Soup version 0.31-a0-152-g6aa68a64a1 (webtiles) character file.

Game seed: 13422970938933147970

0 comborobin the Sneak (level 1, -6/13 HPs)
             Began as a Deep Elf Delver on June 10, 2023.
             Killed from afar by Blork the orc (11 damage)
             ... with a puff of frost
             ... on level 5 of the Dungeon.
             The game lasted 00:00:56 (165 turns).

comborobin the Sneak (Deep Elf Delver)               Turns: 165, Time: 00:00:57

Health: -6/13      AC:  3    Str:  9    XL:     1   Next: 8%
Magic:  3/3        EV: 12    Int: 14    God:
Gold:   0          SH:  0    Dex: 16    Spells: 0/0 levels left

rFire   . . .        a - +0 short sword
rCold   . . .        (no shield)
rNeg    . . .        b - +0 leather armour
rPois   .            (no helmet)
rElec   .            (no cloak)
rCorr   .            (no gloves)
SInv    .            (no boots)
Will    .....        (no amulet)
Stlth   +++          (no ring)
HPRegen 0.22/turn    (no ring)
MPRegen 0.08/turn

%: no passive effects
@: hasted, invisible, very quick
A: no striking features
a: no special abilities


You were on level 5 of the Dungeon.
You visited 1 branch of the dungeon, and saw 4 of its levels.

Inventory:

Hand Weapons
 a - a +0 short sword (weapon)
Missiles
 i - 2 javelins
Armour
 b - a +0 leather armour (worn)
Wands
 g - a wand of digging (3)
Scrolls
 c - a scroll of fog
 d - a scroll of amnesia {unknown}
 h - a scroll of noise {unknown}


   Skills:
 - Level 2.4 Fighting
 + Level 2.0 Short Blades
 - Level 2.4 Dodging
 - Level 6.0 Stealth


You couldn't memorise any spells.
You didn't know any spells.
Your spell library was empty.

Dungeon Overview and Level Annotations

Branches:
Dungeon (7/15)
 Temple: D:4-7

Altars:
Fedhas
Okawaru
Qazlal

Annotations:
D:5 Blork the orc


Message History

Things that are here:
a +0 short sword; a kobold corpse
Things that are here:
a +0 short sword; a kobold corpse
Found a stormy altar of Qazlal.
Found a scroll labelled NEID BEKAITT.
An iguana comes into view.
Found a blossoming altar of Fedhas.
The iguana hisses angrily.
The iguana moves out of view.
d - a scroll labelled NEID BEKAITT A ball python comes into view.
The iguana falls through a shaft!
The shaft crumbles and collapses.
Things that are here:
a +0 short sword; a kobold corpse
Found a blue potion.
Found a stone staircase leading down.
e - a blue potion
There is a stone staircase leading down here.
You climb downwards.
Level annotation: Blork the orc
Found an iron altar of Okawaru.
Found an escape hatch in the floor.
There is a stone staircase leading up here.
Okay, then.
Okay, then.
Okay, then.
It was a potion of invisibility.
You fade into invisibility!
Blork the orc shouts!
You hear a croak.
A bullfrog comes into view.
You hit Blork the orc.
Blork the orc is lightly wounded.
Blork the orc points at you and mumbles some strange words.
The puff of flame hits you!
Ouch! That really hurt!
You feel yourself speed up. Blork the orc casts a spell at you.
The puff of frost hits you!
Ouch! That really hurt!
You die...

.# .#.. .## .... #..###
..... ###.....##
#....###<.......#
#..........####
##.........# ##........###
#...@........
#....oF.≈≈≈≈≈
###########.......≈≈≈≈≈≈
##.................≈≈_>≈≈
##..####>.....>.....≈≈.⌠≈≈
#.[## ####...####..≈≈≈≈≈
#.## ##### #.≈≈≈≈≈ #.##
..... #..#


You could see Blork the orc (unable to see you) and a bullfrog (wandering,
unable to see you).

Vanquished Creatures
  A kobold (D:4)
1 creature vanquished.

Notes
Turn   | Place    | Note
-------+----------+-------------------------------------------
     0 | D:5      | comborobin the Deep Elf Delver began the quest for the Orb.
     0 | D:5      | Reached XP level 1. HP: 13/13 MP: 3/3
    30 | D:5      | Noticed Blork the orc
    96 | D:5      | Noticed an ogre
   127 | D:4      | Found a stormy altar of Qazlal.
   133 | D:4      | Found a blossoming altar of Fedhas.
   133 | D:4      | Noticed an iguana
   158 | D:5      | Found an iron altar of Okawaru.
   162 | D:5      | Noticed a bullfrog
   165 | D:5      | Killed from afar by Blork the orc

Illustrated notes

Levels and vault maps discovered:
D:4:      layout_layer_cave, grunt_temple_overflow_forces_of_nature,
          grunt_dithmenos_smoke_and_mirrors, hangedman_abyss_or_decor_stabs,
          serial_bayou_pond_a
D:5:      layout_layer_cave, general_overflow_altar, uniq_blork_the_orc
D:6:      layout_basic, eat_drink_and_be_merry_uskayaw, elyvilon_altar_5,
          temple_green, uniq_prince_ribbit1
D:7:      layout_basic, marbit_many_paths, old_standard_altar

Action                     || total
---------------------------++-------
  Melee: Short sword       ||     2
    Use: Potion            ||     3
         Scroll            ||     2
   Stab: Sleeping          ||     1

Table legend: (Time is in decaauts)
 A = Elapsed time spent in this place.
 B = Non-inter-level travel time spent in this place.
 C = Inter-level travel time spent in this place.
 D = Time resting spent in this place.
 E = Time spent auto-exploring this place.
 F = Levels seen in this place.
 G = Mean time per level.
                   A        B        C        D        E       F      G
               +--------+--------+--------+--------+--------+-----+--------+
         Total |    180 |    172 |      8 |     48 |      8 |   4 |   45.0 |
       Dungeon |    180 |    172 |      8 |     48 |      8 |   4 |   45.0 |
               +--------+--------+--------+--------+--------+-----+--------+

Top non-repeatable levels by time:
     D:5: 101 daAuts
     D:4: 54 daAuts
     D:7: 14 daAuts
     D:6: 10 daAuts
